 Dungeon Crawl Stone Soup version 0.29.0-4-gdea44cf6ec (webtiles) character file.

Game seed: 11201028181156583260

49 qw the Chopper (level 3, -2/31 HPs)
             Began as a Minotaur Berserker on Sept 6, 2022.
             Was a Believer of Trog.
             Slain by a gnoll
             ... wielding a +0 spear
              (4 damage)
             ... on level 2 of the Dungeon.
             The game lasted 00:00:22 (1027 turns).

qw the Chopper (Minotaur Berserker)                 Turns: 1027, Time: 00:00:23

Health: -2/31      AC:  5    Str: 23    XL:     3   Next: 51%
Magic:  2/2        EV: 11    Int:  4    God:    Trog [**....]
Gold:   43         SH:  4    Dex: 15    Spells: 2/2 levels left

rFire   . . .      SeeInvis .   Y - +0 hand axe
rCold   . . .      Faith    .   e - +0 buckler
rNeg    . . .      Spirit   .   f - +0 ring mail
rPois   .          Reflect  .   (helmet restricted)
rElec   .          Harm     .   (no cloak)
rCorr   .          Rampage  .   (no gloves)
Will    .....                   (no boots)
Stlth   +.........              (no amulet)
HPRegen 0.10/turn               l - +6 ring of dexterity
MPRegen 0.08/turn               (no ring)

@: on berserk cooldown, slowed, very slow
A: horns 2, retaliatory headbutt
a: Renounce Religion, Berserk, Trog's Hand


You were on level 2 of the Dungeon.
You worshipped Trog.
Trog was pleased with you.
You visited 1 branch of the dungeon, and saw 2 of its levels.

You collected 43 gold pieces.


Innate Abilities, Weirdness & Mutations

You have a pair of horns on your head.
You reflexively headbutt those who attack you in melee.


   Skills:
 - Level 3.6 Fighting
 + Level 5.2 Axes
 - Level 2.4 Armour
 - Level 2.1 Dodging
 - Level 1.5 Shields


You had 2 spell levels left.
You didn't know any spells.
Your spell library was empty.

Inventory:

Hand Weapons
 k - a +1 vorpal mace
 Y - a +0 hand axe (weapon)
Armour
 e - a +0 buckler (worn)
 f - a +0 ring mail (worn)
Jewellery
 l - a +6 ring of dexterity (left hand)
Scrolls
 a - a scroll of identify
Potions
 g - a potion of might
 i - a potion of curing

Dungeon Overview and Level Annotations

Branches:
Dungeon (2/15)

Altars:

Shops:
D:2 [


Message History

You hit the giant cockroach but do no damage.
The giant cockroach is heavily wounded.
You hit the bat but do no damage. The bat barely misses you.
You furiously retaliate!
You headbutt the bat. The giant cockroach misses you.
You block the gnoll's attack. The giant cockroach closely misses you.
You closely miss the giant cockroach.
The giant cockroach is heavily wounded.
The gnoll closely misses you. The giant cockroach barely misses you.
You furiously retaliate!
You headbutt the giant cockroach!
You kill the giant cockroach!
Trog accepts your kill. The gnoll barely misses you.
You closely miss the bat. You headbutt the bat.
The bat is severely wounded.
The bat hits you but does no damage. The gnoll hits you but does no damage.
The gnoll hits you from afar with a +0 spear.
The kobold hits you but does no damage.
You barely miss the bat.
The bat is severely wounded.
You hit the kobold.
You kill the kobold!
Trog accepts your kill. The bat barely misses you.
The gnoll hits you from afar with a +0 spear.
A giant cockroach comes into view.
The bat hits you but does no damage. You block the gnoll's attack.
You hit the bat but do no damage.
The bat is severely wounded.
The bat hits you but does no damage. The bat barely misses you.
The gnoll hits you but does no damage.
You barely miss the bat.
The bat is heavily wounded.
You block the bat's attack.
The gnoll hits you from afar with a +0 spear.
The bat barely misses you. You furiously retaliate!
You headbutt the bat!
You kill the bat!
Trog accepts your kill.
The gnoll hits you from afar with a +0 spear.
You die...

# .... # #..# #
#######..## # ..........
# .# #...#.#.# #
....#.#..#.# #
.....\)..#.## #####
#@.)).# #....
#.g.#.#%.#### #.###
#.......#.....# #.###
..##.B...##.##.#####.##.
#..##.##.##..).......
.... #.##.########....
.#.. .....# ##### ..#.#
.(.... ####


You could see a gnoll and a giant cockroach.

Vanquished Creatures
  2 gnolls (D:2)
  A ball python (D:1)
  5 bats
  3 endoplasms
  A giant cockroach (D:2)
  A goblin (D:1)
  A hobgoblin (D:1)
  4 jackals (D:1)
  2 quokkas (D:1)
  2 frilled lizards (D:2)
  3 kobolds
  3 rats (D:1)
28 creatures vanquished.

Notes
Turn   | Place    | Note
-------+----------+-------------------------------------------
     0 | D:1      | qw the Minotaur Berserker began the quest for the Orb.
     0 | D:1      | Reached XP level 1. HP: 19/19 MP: 0/0
     0 | D:1      | 0 ||| qw: Version: 0.1-a-108-g9e35731
     0 | D:1      | 0 ||| qw: Game counter: 6243
     0 | D:1      | 0 ||| qw: Always use a shield: true
     0 | D:1      | 0 ||| qw: Do Orc after D:15 true
     0 | D:1      | 0 ||| qw: Do second Lair branch before Depths: true
     0 | D:1      | 0 ||| qw: Lair rune preference: random
     0 | D:1      | 0 ||| qw: Plans: Normal
     0 | D:1      | 0 ||| PLANNING D:1-11
    95 | D:1      | Reached skill level 4 in Axes
    96 | D:1      | 96 ||| Stepping ~*~*~tactically~*~*~ (stealth).
    98 | D:1      | 98 ||| Stepping ~*~*~tactically~*~*~ (stealth).
   106 | D:1      | 106 ||| Stepping ~*~*~tactically~*~*~ (stealth).
   107 | D:1      | 107 ||| Stepping ~*~*~tactically~*~*~ (stealth).
   329 | D:1      | Reached XP level 2. HP: 24/26 MP: 1/1
   466 | D:1      | 466 ||| DROPPING +0 club.
   489 | D:1      | Found a faded altar of an unknown god.
   859 | D:1      | 859 ||| UPGRADING to +0 leather armour of willpower.
   869 | D:1      | 869 ||| DROPPING +0 animal skin.
   870 | D:1      | 870 ||| UPGRADING to +0 buckler.
   875 | D:1      | 875 ||| UPGRADING to +0 ring mail.
   885 | D:1      | 885 ||| DROPPING +0 leather armour of willpower.
   886 | D:1      | 886 ||| UPGRADING to +6 ring of dexterity.
   887 | D:1      | 887 ||| READING 3 scrolls labelled HOR SEUSUEVEM.
   888 | D:1      | 888 ||| DRINKING 2 orange potions.
   889 | D:1      | 889 ||| DRINKING 2 puce potions.
   890 | D:1      | 890 ||| DRINKING 2 yellow potions.
   891 | D:1      | 891 ||| READING 2 scrolls of identify.
   891 | D:1      | 891 ||| IDENTIFYING white potion
   892 | D:1      | 892 ||| DROPPING potion of berserk rage.
   981 | D:2      | 981 ||| Stepping ~*~*~tactically~*~*~ (stealth).
   990 | D:2      | Found Pumecol's Antique Armour Shop.
  1000 | D:2      | 1000 ||| Stepping ~*~*~tactically~*~*~ (stealth).
  1002 | D:2      | 1002 ||| Stepping ~*~*~tactically~*~*~ (hiding).
  1005 | D:2      | 1005 ||| Stepping ~*~*~tactically~*~*~ (hiding).
  1008 | D:2      | 1008 ||| INVOKING Berserk.
  1013 | D:2      | Reached skill level 1 in Shields
  1013 | D:2      | Reached XP level 3. HP: 14/31 MP: 2/2
  1015 | D:2      | Reached skill level 5 in Axes
  1017 | D:2      | HP: 7/31 [giant cockroach (2)]
  1018 | D:2      | 1018 ||| DRINKING potion of heal wounds.
  1021 | D:2      | Reached ** piety under Trog
  1025 | D:2      | HP: 6/31 [gnoll/+0 spear (5)]
  1027 | D:2      | HP: 2/31 [gnoll/+0 spear (4)]
  1027 | D:2      | Slain by a gnoll

Levels and vault maps discovered:
D:1:      onia_arrival_handbag, layout_basic,
          ebering_ecumenical_altar_abandoned, nicolae_figureground_pulse
D:2:      layout_loops_cross, basic_altar, serial_shops,
          nicolae_shop_advertising_works [nicolae_subvault_shop_adworks],
          minmay_surrounded, uniq_sigmund, uniq_natasha, uniq_jessica

Skill      XL: |  1  2  3 |
---------------+----------+-----
Axes           | 4 5 |  5.2
Shields        | 1 |  1.5
Fighting       | |  3.6
Armour         | |  2.4
Dodging        | |  2.1

Action                   || total
-------------------------++-------
Melee: Hand axe          ||    63
       Headbutt          ||     7
Invok: Berserk           ||     1
  Use: Potion            ||     4
       Scroll            ||     2
Armor: Animal skin       ||     6
       Ring mail         ||    10
Dodge: Dodged            ||    50
Block: Buckler           ||     8

Table legend:
 A = Non-vault XP
 B = Vault XP
 C = Vault XP percentage of total XP
 D = Non-vault monster count
 E = Vault monster count
 F = Vault count percentage of total count
                 A         B        C        D         E       F
            +---------+---------+-------+---------+---------+-------
      Total |      66 |       6 |   8.3 |      24 |       4 |  14.3
            +---------+---------+-------+---------+---------+-------
        D:1 |      26 |       6 |  18.8 |      14 |       4 |  22.2
        D:2 |      40 |       0 |   0.0 |      10 |       0 |   0.0
            +---------+---------+-------+---------+---------+-------
